 Dungeon Crawl Stone Soup version 0.29.0-4-gdea44cf6ec (webtiles) character file.

Game seed: 2840275403862260073

18385 qw the Severer (level 12, -7/110 HPs)
             Began as a Minotaur Berserker on Sept 7, 2022.
             Was an Elder of Trog.
             Mangled by an eight-headed hydra (10 damage)
             ... on level 2 of the Lair of Beasts.
             The game lasted 00:03:26 (12810 turns).

qw the Severer (Minotaur Berserker)                Turns: 12810, Time: 00:03:26

Health: -7/110     AC: 16    Str: 26    XL:     12   Next: 27%
Magic:  11/11      EV: 13    Int:  4    God:    Trog [****..]
Gold:   684        SH:  0    Dex: 11    Spells: 11/11 levels left

rFire   . . .      SeeInvis +   p - +0 morningstar
rCold   . . .      Faith    .   (no shield)
rNeg    . . .      Spirit   .   j - +0 plate armour
rPois   .          Reflect  .   (helmet restricted)
rElec   .          Harm     .   (no cloak)
rCorr   .          Rampage  .   b - +1 pair of gloves
Will    .....                   (no boots)
Stlth   ..........              (no amulet)
HPRegen 0.28/turn               k - +4 ring of evasion
MPRegen 0.12/turn               r - ring of see invisible

@: on berserk cooldown, slowed, very slow
A: horns 2, retaliatory headbutt
a: Renounce Religion, Berserk, Trog's Hand, Brothers in Arms


You were on level 2 of the Lair of Beasts.
You worshipped Trog.
Trog was greatly pleased with you.
You visited 2 branches of the dungeon, and saw 11 of its levels.

You collected 775 gold pieces.
You spent 91 gold pieces at shops.


Innate Abilities, Weirdness & Mutations

You have a pair of horns on your head.
You reflexively headbutt those who attack you in melee.


   Skills:
 + Level 11.2 Fighting
 - Level 18.2 Axes
 - Level 5.0 Throwing
 - Level 10.0 Armour
 - Level 4.2 Dodging


You had 11 spell levels left.
You didn't know any spells.
Your spell library was empty.

Inventory:

Hand Weapons
 p - a +0 morningstar (weapon)
 Y - a +0 broad axe
Missiles
 e - 7 javelins (quivered)
 t - 2 boomerangs
Armour
 b - a +1 pair of gloves (worn)
 j - a +0 plate armour (worn)
Jewellery
 k - a +4 ring of evasion (left hand)
 n - the ring "Joseidop" {Will+ Str+3}
   (You found it on level 5 of the Dungeon)

   [ring of willpower]

   Str:       It affects your strength (+3).
   Will:      It increases your willpower.
 r - a ring of see invisible (right hand)
Scrolls
 a - 2 scrolls of identify
 o - 5 scrolls of teleportation
Potions
 c - a potion of mutation
 d - a potion of heal wounds
 f - a potion of might
 g - 3 potions of curing
 h - 2 potions of resistance
 i - 3 potions of cancellation
 s - a potion of haste

Dungeon Overview and Level Annotations

Branches:
Dungeon (9/15)             Temple (0/1) D:5            Lair (2/5) D:9
  Snake (0/4) Lair:2          Orc (0/2) D:9
  Swamp: Lair:2-3    Shoals: Lair:2-3

Altars:
Cheibriados
Fedhas
Gozag
Kikubaaqudgha
Nemelex Xobeh
Qazlal
Ru
Zin

Shops:
D:1 ?   D:5 =   D:6 *


Message History

The yak gores you but does no damage. The yak misses you.
12807 ||| INVOKING Brothers in Arms.
You fail to use your ability.
The blink frog blinks!
The yak misses you.
12808 ||| INVOKING Brothers in Arms.
Your black bear goes berserk!
The blink frog barely misses you. The yak closely misses you.
The eight-headed hydra bites you! x3
The eight-headed hydra bites you but does no damage. x3
The eight-headed hydra bites you. The eight-headed hydra misses you.
The blink frog hits you but does no damage.
The blink frog hits you. The yak gores you but does no damage.
The eight-headed hydra bites you but does no damage.
The eight-headed hydra bites you! The eight-headed hydra misses you.
The eight-headed hydra bites you. x2; The eight-headed hydra misses you.
The eight-headed hydra bites you.
The eight-headed hydra bites you but does no damage.
12809 ||| SWAPPING to +0 morningstar.
p - a +0 morningstar (weapon)
The blink frog closely misses you. x2
Your black bear completely misses the blink frog.
Your black bear claws the blink frog. x2; The yak gores you but does no damage.
You impale the yak!!
You kill the yak!
Trog accepts your kill.
The blink frog hits you but does no damage.
The blink frog blinks!
The eight-headed hydra bites you but does no damage. x2
The eight-headed hydra bites you!
The eight-headed hydra bites you but does no damage. x4
The eight-headed hydra closely misses you.
Your black bear bites the blink frog!
Your black bear misses the blink frog.
Your black bear claws the blink frog!
The blink frog misses you. The eight-headed hydra bites you.
The eight-headed hydra completely misses you.
The eight-headed hydra bites you.
The eight-headed hydra bites you but does no damage.
The eight-headed hydra barely misses you.
The eight-headed hydra bites you! The eight-headed hydra bites you.
The eight-headed hydra bites you!
You die...

.... .((. ..... .....
...... ..F...# ######
......D## ####..#.##
.......@###........#
......¤F.....####.####
.......h....##~~P.7~.##
...........P#~~.P.~~~~#
......#.....#~.77.77.~##
............#).7...7~~#(
.................>......
............#7~7...7~.#.
...........#.P77.77.P#.


You could see an eight-headed hydra, 2 blink frogs and a friendly black bear
(summoned, berserk).

Vanquished Creatures
  2 hydras
  2 two-headed ogres (D:8)
  A centaur warrior (D:9)
  4 death yaks
  3 elephants (Lair:2)
  3 black mambas
  2 cane toads
  2 komodo dragons (Lair:1)
  A polar bear (Lair:1)
  3 blink frogs (Lair:2)
  Sigmund (D:4)
  3 wyverns
  15 yaks
  A basilisk (Lair:2)
  An unseen horror simulacrum (D:8)
  A steam dragon (D:9)
  2 wargs (D:9)
  2 nagas (Lair:2)
  Duvessa (D:4)
  2 water moccasins (Lair:1)
  3 orc warriors
  2 ice beasts
  2 black bears (D:6)
  3 ogres
  25 wolves (Lair:1)
  2 centaurs
  2 kobold brigands (D:9)
  5 scorpions
  7 bullfrogs
  4 wights (D:7)
  Dowan (D:4)
  A hornet simulacrum (D:8)
  3 killer bees (D:8)
  2 jellies
  4 hounds
  A gnoll bouda (D:7)
  3 orc priests
  4 iguanas
  9 orc wizards
  7 hell rats (Lair:2)
  A killer bee simulacrum (D:8)
  10 gnolls
  9 adders
  4 white imps (D:8)
  2 howler monkey simulacra (D:8)
  An ufetubus (D:8)
  A worm (D:2)
  3 dart slugs
  24 orcs
  14 endoplasms
  2 giant cockroaches (D:1)
  6 hobgoblins
  8 jackals
  A quokka (D:3)
  8 ball pythons
  12 bats
  6 frilled lizards
  10 goblins
  12 kobolds
  2 rats
278 creatures vanquished.

Vanquished Creatures (collateral kills)
  A wolf (Lair:1)
1 creature vanquished.

Vanquished Creatures (others)
  3 plants
3 creatures vanquished.

Grand Total: 282 creatures vanquished

Notes
Turn   | Place    | Note
-------+----------+-------------------------------------------
     0 | D:1      | qw the Minotaur Berserker began the quest for the Orb.
     0 | D:1      | Reached XP level 1. HP: 19/19 MP: 0/0
     0 | D:1      | 0 ||| qw: Version: 0.1-a-108-g9e35731
     0 | D:1      | 0 ||| qw: Game counter: 6549
     0 | D:1      | 0 ||| qw: Always use a shield: true
     0 | D:1      | 0 ||| qw: Do Orc after D:15 true
     0 | D:1      | 0 ||| qw: Do second Lair branch before Depths: true
     0 | D:1      | 0 ||| qw: Lair rune preference: random
     0 | D:1      | 0 ||| qw: Plans: Normal
     0 | D:1      | 0 ||| PLANNING D:1-11
    37 | D:1      | 37 ||| INVOKING Berserk.
    39 | D:1      | Reached skill level 4 in Axes
    39 | D:1      | HP: 3/28 [gnoll/+0 flail (10)]
    42 | D:1      | Reached XP level 2. HP: 5/26 MP: 1/1
   586 | D:1      | Reached skill level 5 in Axes
   690 | D:1      | Reached XP level 3. HP: 30/31 MP: 2/2
   911 | D:1      | Found Uquosch's Magic Scroll Emporium.
   914 | D:1      | Reached skill level 1 in Throwing
   914 | D:1      | 914 ||| Stepping ~*~*~tactically~*~*~ (stealth).
  1082 | D:1      | Reached ** piety under Trog
  1229 | D:1      | 1229 ||| SHOPLISTING scroll of identify (26 gold, have 15).
  1229 | D:1      | 1229 ||| SHOPLISTING scroll of teleportation (39 gold, have
                  | 15).
  1548 | D:1      | 1548 ||| UPGRADING to +0 leather armour.
  1558 | D:1      | 1558 ||| DROPPING +0 animal skin.
  1559 | D:1      | 1559 ||| READING 7 scrolls labelled DAMICK SAUZ.
  1560 | D:1      | 1560 ||| READING scroll labelled HYPALU WACUIMIR.
  1561 | D:1      | 1561 ||| READING scroll labelled ZOESKIT PUIV.
  1564 | D:1      | 1564 ||| READING scroll labelled KILUUX COHAY.
  1565 | D:1      | 1565 ||| READING 6 scrolls of identify.
  1565 | D:1      | 1565 ||| IDENTIFYING purple potion
  1566 | D:1      | 1566 ||| READING 5 scrolls of identify.
  1566 | D:1      | 1566 ||| IDENTIFYING orange potion
  1567 | D:1      | 1567 ||| READING 4 scrolls of identify.
  1567 | D:1      | 1567 ||| IDENTIFYING grey potion
  1568 | D:1      | 1568 ||| DROPPING potion of lignification.
  1569 | D:1      | 1569 ||| DROPPING potion of degeneration.
  1642 | D:2      | 1642 ||| Stepping ~*~*~tactically~*~*~ (stealth).
  1747 | D:2      | 1747 ||| Stepping ~*~*~tactically~*~*~ (hiding).
  1866 | D:2      | Reached XP level 4. HP: 37/39 MP: 3/3
  2030 | D:2      | Reached skill level 6 in Axes
  2209 | D:2      | 2209 ||| Stepping ~*~*~tactically~*~*~ (stealth).
  2327 | D:2      | Found a faded altar of an unknown god.
  2617 | D:2      | 2617 ||| READING 2 scrolls labelled KAPOIL BIHU.
  2618 | D:2      | 2618 ||| READING scroll labelled UCIUPTAORA.
  2619 | D:2      | 2619 ||| READING scroll labelled COUFOJIROMP.
  2753 | D:2      | 2753 ||| READING 3 scrolls of identify.
  2753 | D:2      | 2753 ||| IDENTIFYING silvery potion
  2754 | D:2      | 2754 ||| READING 2 scrolls of identify.
  2754 | D:2      | 2754 ||| IDENTIFYING golden potion
  2755 | D:2      | 2755 ||| DROPPING scroll of vulnerability.
  2756 | D:2      | 2756 ||| DROPPING potion of ambrosia.
  3135 | D:3      | Found a snail-covered altar of Cheibriados.
  3484 | D:3      | 3484 ||| UPGRADING to +0 pair of gloves.
  3489 | D:3      | 3489 ||| UPGRADING to +0 ring mail.
  3499 | D:3      | 3499 ||| DROPPING +0 leather armour.
  3500 | D:3      | 3500 ||| UPGRADING to +4 ring of evasion.
  3501 | D:3      | 3501 ||| READING scroll labelled FUAB GIYVENE.
  3502 | D:3      | 3502 ||| READING 2 scrolls of identify.
  3502 | D:3      | 3502 ||| IDENTIFYING viscous pink potion
  3503 | D:3      | 3503 ||| DROPPING potion of attraction.
  3535 | D:4      | Noticed Sigmund
  3536 | D:4      | 3536 ||| Stepping ~*~*~tactically~*~*~ (stealth).
  3538 | D:4      | 3538 ||| INVOKING Berserk.
  3542 | D:4      | Killed Sigmund
  3543 | D:4      | Reached skill level 8 in Axes
  3543 | D:4      | Reached XP level 5. HP: 45/45 MP: 4/4
  3543 | D:4      | Reached XP level 6. HP: 51/51 MP: 5/5
  3999 | D:4      | Found an opulent altar of Gozag.
  4062 | D:4      | 4062 ||| INVOKING Berserk.
  4249 | D:4      | Reached *** piety under Trog
  4348 | D:4      | Noticed Dowan
  4348 | D:4      | Noticed Duvessa
  4349 | D:4      | 4349 ||| Stepping ~*~*~tactically~*~*~ (hiding).
  4352 | D:4      | 4352 ||| INVOKING Berserk.
  4362 | D:4      | Killed Duvessa
  4363 | D:4      | Reached skill level 9 in Axes
  4368 | D:4      | 4368 ||| Stepping ~*~*~tactically~*~*~ (hiding).
  4371 | D:4      | 4371 ||| Stepping ~*~*~tactically~*~*~ (hiding).
  4372 | D:4      | 4372 ||| Stepping ~*~*~tactically~*~*~ (hiding).
  4374 | D:4      | 4374 ||| Stepping ~*~*~tactically~*~*~ (hiding).
  4381 | D:4      | Killed Dowan
  4656 | D:4      | 4656 ||| UPGRADING to +0 scale mail.
  4666 | D:4      | 4666 ||| DROPPING +0 ring mail.
  4667 | D:4      | 4667 ||| UPGRADING to ring of willpower.
  4691 | D:5      | Entered Level 5 of the Dungeon
  4695 | D:5      | Reached XP level 7. HP: 60/60 MP: 6/6
  4753 | D:5      | Found a staircase to the Ecumenical Temple.
  4808 | D:5      | Noticed a yak
  4808 | D:5      | Noticed a yak
  4808 | D:5      | Noticed a yak
  4808 | D:5      | Noticed a yak
  4808 | D:5      | Noticed a yak
  4808 | D:5      | Noticed a yak
  4816 | D:5      | 4816 ||| INVOKING Berserk.
  4818 | D:5      | Killed a yak
  4821 | D:5      | Killed a yak
  4822 | D:5      | Reached skill level 10 in Axes
  4823 | D:5      | Killed a yak
  4824 | D:5      | Reached skill level 3 in Throwing
  4825 | D:5      | Killed a yak
  4826 | D:5      | Reached skill level 6 in Fighting
  4826 | D:5      | Reached XP level 8. HP: 33/70 MP: 7/7
  4831 | D:5      | HP: 24/105 [yak (10)]
  4834 | D:5      | Reached skill level 11 in Axes
  5184 | D:5      | Reached skill level 3 in Armour
  5504 | D:5      | 5504 ||| DROPPING +0 flail.
  5560 | D:5      | 5560 ||| INVOKING Berserk.
  5565 | D:5      | Reached skill level 12 in Axes
  5775 | D:5      | Found Xuhecla's Jewellery Emporium.
  5783 | D:5      | 5783 ||| SHOPLISTING +4 ring of protection (540 gold, have
                  | 285).
  5783 | D:5      | 5783 ||| SHOPLISTING +6 ring of dexterity (540 gold, have
                  | 285).
  5783 | D:5      | 5783 ||| SHOPLISTING amulet of Ficoko {Spirit rCorr Str-2
                  | Int+5} (733 gold, have 285).
  5783 | D:5      | 5783 ||| SHOPLISTING amulet of Ru's Whim {RegenMP Fly rC+++
                  | Int+6} (1300 gold, have 285).
  5783 | D:5      | 5783 ||| SHOPLISTING ring of Ephemeral Luck {Fire rN+
                  | rCorr} (627 gold, have 285).
  5783 | D:5      | 5783 ||| SHOPLISTING ring of positive energy (300 gold,
                  | have 285).
  5895 | D:5      | 5895 ||| DRINKING 2 yellow potions.
  5896 | D:5      | 5896 ||| READING 4 scrolls of identify.
  5896 | D:5      | 5896 ||| IDENTIFYING bubbling brown potion
  5897 | D:5      | 5897 ||| READING 3 scrolls of identify.
  5897 | D:5      | 5897 ||| IDENTIFYING ruby potion
  5898 | D:5      | 5898 ||| READING 2 scrolls of identify.
  5898 | D:5      | 5898 ||| IDENTIFYING bubbling red potion
  5899 | D:5      | 5899 ||| DROPPING potion of magic.
  5954 | D:6      | 5954 ||| INVOKING Berserk.
  5963 | D:6      | Found Kunweh's General Store.
  6165 | D:6      | 6165 ||| Stepping ~*~*~tactically~*~*~ (stealth).
  6166 | D:6      | 6166 ||| Stepping ~*~*~tactically~*~*~ (stealth).
  6167 | D:6      | 6167 ||| Stepping ~*~*~tactically~*~*~ (stealth).
  6169 | D:6      | 6169 ||| Stepping ~*~*~tactically~*~*~ (stealth).
  6171 | D:6      | 6171 ||| Stepping ~*~*~tactically~*~*~ (stealth).
  6172 | D:6      | 6172 ||| INVOKING Berserk.
  6178 | D:6      | Reached XP level 9. HP: 79/79 MP: 8/8
  6346 | D:6      | Found a sacrificial altar of Ru.
  6469 | D:6      | You fall into a shaft and drop 2 floors!
  6473 | D:8      | 6473 ||| UPGRADING to +0 chain mail.
  6483 | D:8      | 6483 ||| DROPPING +0 scale mail.
  6498 | D:7      | 6498 ||| INVOKING Berserk.
  6734 | D:7      | Reached skill level 13 in Axes
  6764 | D:7      | 6764 ||| Stepping ~*~*~tactically~*~*~ (stealth).
  6856 | D:7      | 6856 ||| SWAPPING to +0 war axe.
  6857 | D:7      | 6857 ||| DROPPING +0 hand axe.
  7015 | D:7      | 7015 ||| INVOKING Berserk.
  7037 | D:7      | 7037 ||| Stepping ~*~*~tactically~*~*~ (hiding).
  7042 | D:7      | 7042 ||| Stepping ~*~*~tactically~*~*~ (hiding).
  7055 | D:7      | 7055 ||| Stepping ~*~*~tactically~*~*~ (stealth).
  7057 | D:7      | 7057 ||| Stepping ~*~*~tactically~*~*~ (stealth).
  7062 | D:7      | 7062 ||| Stepping ~*~*~tactically~*~*~ (stealth).
  7214 | D:7      | 7214 ||| DROPPING ring of magical power.
  7215 | D:7      | 7215 ||| READING scroll labelled IVOUTO KACHEQI.
  7224 | D:6      | Identified the +0 scale mail of Indecent Exposure {Will+
                  | Regen+ Int+3}
  7394 | D:6      | Found a stormy altar of Qazlal.
  7400 | D:6      | Found an ancient bone altar of Kikubaaqudgha.
  7410 | D:6      | Reached **** piety under Trog
  7411 | D:6      | Found a sparkling altar of Nemelex Xobeh.
  7496 | D:6      | 7496 ||| UPGRADING to +0 scale mail of Indecent Exposure
                  | {Will+ Regen+ Int+3}.
  7506 | D:6      | 7506 ||| READING scroll labelled MAEMOB QYUGH.
  7507 | D:6      | 7507 ||| READING 2 scrolls of identify.
  7507 | D:6      | 7507 ||| IDENTIFYING metallic cyan potion
  7538 | D:5      | Identified the ring "Joseidop" {Will+ Str+3}
  7541 | D:5      | Found a glowing silver altar of Zin.
  7548 | D:5      | 7548 ||| UPGRADING to ring "Joseidop" {Will+ Str+3}.
  7550 | D:5      | 7550 ||| DROPPING ring of willpower.
  7625 | D:7      | 7625 ||| Stepping ~*~*~tactically~*~*~ (stealth).
  7795 | D:7      | Found a blossoming altar of Fedhas.
  7890 | D:7      | 7890 ||| READING scroll labelled FIFOTE FEUSAV.
  7937 | D:6      | 7937 ||| BUYING +0 broad axe (52 gold).
  7937 | D:6      | Bought a +0 broad axe for 52 gold pieces
  7937 | D:6      | 7937 ||| BUYING scroll of teleportation (39 gold).
  7937 | D:6      | Bought a scroll of teleportation for 39 gold pieces
  7937 | D:6      | 7937 ||| SWAPPING to +0 broad axe.
  7938 | D:6      | 7938 ||| DROPPING +1 war axe.
  7979 | D:8      | 7979 ||| Stepping ~*~*~tactically~*~*~ (hiding).
  7980 | D:8      | 7980 ||| Stepping ~*~*~tactically~*~*~ (hiding).
  7982 | D:8      | 7982 ||| Stepping ~*~*~tactically~*~*~ (hiding).
  8035 | D:8      | 8035 ||| Stepping ~*~*~tactically~*~*~ (hiding).
  8039 | D:8      | Reached skill level 3 in Dodging
  8040 | D:8      | 8040 ||| INVOKING Berserk.
  8054 | D:8      | 8054 ||| FLEEEEING.
  8055 | D:8      | 8055 ||| STAIRDANCE
  8176 | D:8      | 8176 ||| STAIRDANCE
  8191 | D:8      | 8191 ||| INVOKING Berserk.
  8361 | D:8      | 8361 ||| Stepping ~*~*~tactically~*~*~ (hiding).
  8371 | D:8      | 8371 ||| Stepping ~*~*~tactically~*~*~ (stealth).
  8392 | D:8      | Reached skill level 14 in Axes
  8399 | D:8      | 8399 ||| INVOKING Berserk.
  8496 | D:8      | Noticed a two-headed ogre
  8498 | D:8      | 8498 ||| INVOKING Berserk.
  8502 | D:8      | Killed a two-headed ogre
  8503 | D:8      | Reached XP level 10. HP: 88/88 MP: 9/9
  8661 | D:8      | Noticed a two-headed ogre
  8662 | D:8      | 8662 ||| INVOKING Berserk.
  8665 | D:8      | Killed a two-headed ogre
  8666 | D:8      | Reached skill level 15 in Axes
  8913 | D:8      | 8913 ||| Stepping ~*~*~tactically~*~*~ (hiding).
  8915 | D:8      | 8915 ||| Stepping ~*~*~tactically~*~*~ (hiding).
  8950 | D:8      | 8950 ||| Stepping ~*~*~tactically~*~*~ (stealth).
  8952 | D:8      | 8952 ||| FLEEEEING.
  8954 | D:8      | 8954 ||| Stepping ~*~*~tactically~*~*~ (hiding).
  8955 | D:8      | 8955 ||| Stepping ~*~*~tactically~*~*~ (hiding).
  9123 | D:8      | 9123 ||| UPGRADING to ring of see invisible.
  9125 | D:8      | 9125 ||| READING 4 scrolls of identify.
  9125 | D:8      | 9125 ||| IDENTIFYING metallic brown potion
  9126 | D:8      | 9126 ||| READING 3 scrolls of identify.
  9126 | D:8      | 9126 ||| IDENTIFYING dark potion
  9127 | D:8      | 9127 ||| DROPPING potion of flight.
  9128 | D:8      | 9128 ||| DROPPING potion of brilliance.
  9172 | D:9      | Identified the +3 dagger of Pride {speed, MP+9}
  9284 | D:9      | 9284 ||| INVOKING Berserk.
  9287 | D:9      | Reached skill level 9 in Fighting
  9411 | D:9      | 9411 ||| READING scroll of enchant armour.
  9411 | D:9      | 9411 ||| ENCHANTING +0 pair of gloves.
  9495 | D:9      | Noticed a centaur warrior
  9499 | D:9      | 9499 ||| INVOKING Berserk.
  9513 | D:9      | Killed a centaur warrior
  9514 | D:9      | Reached skill level 16 in Axes
  9518 | D:9      | HP: 32/136 [orc warrior/+0 halberd (11)]
  9596 | D:9      | Found a staircase to the Lair.
  9748 | D:9      | Found a staircase to the Orcish Mines.
  9945 | D:9      | 9945 ||| PLANNING LAIR
  9945 | D:9      | 9945 ||| READING 3 scrolls labelled XIRAOTHRER.
  9946 | D:9      | 9946 ||| READING scroll labelled TADUSTR KOJASUTERO.
  9947 | D:9      | 9947 ||| DRINKING 2 emerald potions.
  9948 | D:9      | 9948 ||| DROPPING 2 scrolls of amnesia.
  9949 | D:9      | 9949 ||| READING 5 scrolls of teleportation.
  9991 | Lair:1   | Entered Level 1 of the Lair of Beasts
  9991 | Lair:1   | Noticed a five-headed hydra
  9992 | Lair:1   | 9992 ||| INVOKING Brothers in Arms.
  9993 | Lair:1   | 9993 ||| INVOKING Brothers in Arms.
  9994 | Lair:1   | 9994 ||| INVOKING Brothers in Arms.
  9995 | Lair:1   | 9995 ||| INVOKING Brothers in Arms.
  9996 | Lair:1   | 9996 ||| SWAPPING to +0 morningstar.
  9997 | Lair:1   | 9997 ||| INVOKING Berserk.
 10001 | Lair:1   | Killed a five-headed hydra
 10002 | Lair:1   | Reached skill level 17 in Axes
 10005 | Lair:1   | Reached XP level 11. HP: 89/97 MP: 10/10
 10041 | Lair:1   | 10041 ||| SWAPPING to +0 broad axe.
 10152 | Lair:1   | 10152 ||| Stepping ~*~*~tactically~*~*~ (stealth).
 10154 | Lair:1   | 10154 ||| Stepping ~*~*~tactically~*~*~ (stealth).
 10210 | Lair:1   | 10210 ||| INVOKING Berserk.
 10307 | Lair:1   | 10307 ||| INVOKING Berserk.
 10476 | Lair:1   | 10476 ||| INVOKING Berserk.
 10915 | Lair:1   | 10915 ||| INVOKING Berserk.
 11320 | Lair:1   | 11320 ||| UPGRADING to +0 plate armour.
 11330 | Lair:1   | 11330 ||| DROPPING +0 chain mail.
 11331 | Lair:1   | 11331 ||| DROPPING +0 scale mail of Indecent Exposure
                  | {Will+ Regen+ Int+3}.
 11332 | Lair:1   | 11332 ||| READING 3 scrolls of identify.
 11332 | Lair:1   | 11332 ||| IDENTIFYING white potion
 11333 | Lair:1   | 11333 ||| DROPPING potion of invisibility.
 11339 | Lair:2   | 11339 ||| STAIRDANCE
 11345 | Lair:2   | 11345 ||| STAIRDANCE
 11433 | Lair:2   | Noticed a death yak
 11434 | Lair:2   | 11434 ||| STAIRDANCE
 11437 | Lair:1   | Reached skill level 6 in Armour
 11484 | Lair:2   | Noticed a death yak
 11485 | Lair:2   | 11485 ||| STAIRDANCE
 11487 | Lair:1   | 11487 ||| INVOKING Berserk.
 11496 | Lair:1   | Killed a death yak
 11659 | Lair:2   | Noticed a death yak
 11659 | Lair:2   | Noticed a death yak
 11660 | Lair:2   | 11660 ||| STAIRDANCE
 11662 | Lair:1   | 11662 ||| INVOKING Berserk.
 11668 | Lair:1   | Killed a death yak
 11807 | Lair:2   | 11807 ||| INVOKING Berserk.
 11810 | Lair:2   | Killed a death yak
 11811 | Lair:2   | Reached skill level 18 in Axes
 11817 | Lair:2   | Killed a death yak
 11818 | Lair:2   | 11818 ||| STAIRDANCE
 12055 | Lair:2   | Noticed a four-headed hydra
 12056 | Lair:2   | 12056 ||| INVOKING Brothers in Arms.
 12058 | Lair:2   | 12058 ||| SWAPPING to +0 morningstar.
 12059 | Lair:2   | 12059 ||| INVOKING Berserk.
 12065 | Lair:2   | Killed a four-headed hydra
 12066 | Lair:2   | Reached skill level 9 in Armour
 12066 | Lair:2   | Reached XP level 12. HP: 93/106 MP: 11/11
 12279 | Lair:2   | 12279 ||| SWAPPING to +0 broad axe.
 12477 | Lair:2   | 12477 ||| DRINKING 4 potions of cancellation.
 12577 | Lair:2   | 12577 ||| Stepping ~*~*~tactically~*~*~ (hiding).
 12581 | Lair:2   | Found a staircase to the Snake Pit.
 12591 | Lair:2   | 12591 ||| Stepping ~*~*~tactically~*~*~ (stealth).
 12592 | Lair:2   | 12592 ||| Stepping ~*~*~tactically~*~*~ (stealth).
 12781 | Lair:2   | 12781 ||| INVOKING Berserk.
 12798 | Lair:2   | Noticed an eight-headed hydra
 12806 | Lair:2   | 12806 ||| INVOKING Brothers in Arms.
 12807 | Lair:2   | 12807 ||| INVOKING Brothers in Arms.
 12808 | Lair:2   | 12808 ||| INVOKING Brothers in Arms.
 12809 | Lair:2   | 12809 ||| SWAPPING to +0 morningstar.
 12810 | Lair:2   | HP: 20/110 [eight-headed hydra (13)]
 12810 | Lair:2   | HP: 6/110 [eight-headed hydra (7)]
 12810 | Lair:2   | Mangled by an eight-headed hydra

Levels and vault maps discovered:
D:1:      lemuel_arrival_broad_hall, layout_loops_corners, serial_shops,
          nicolae_lakefront_shop
D:2:      layout_loops_cross, basic_ecumenical_altar, minmay_misc_feat_tower,
          roderic_filled_cross, grunt_decor_one_mirror
D:3:      layout_basic, mainiacjoe_overflow_alcove_2
D:4:      layout_loops_ring, nicolae_gozag_seed_capital,
          hangedman_decor_growths, uniq_duvessa, uniq_sigmund
D:5:      layout_loops_ring, nicolae_overflow_hidden_temple,
          minmay_temple_entry_arrows, serial_shops, shop, minmay_quadrilaterals
D:6:      layout_cave_pools, minmay_overflow_temple_star_quad,
          nicolae_ru_awakened_eye, serial_shops, nicolae_take_the_stairs,
          eino_tiny_chamber
D:7:      layout_loops_corners, fedhas_altar_3, enter_bailey_3
D:8:      layout_cave_pools, serial_ice, serial_ice_k, serial_ice_g,
          serial_ice_d, serial_ice_c, minmay_liquid_box
D:9:      layout_basic, erik_lair_orcish_takeover, orc_0_dummy,
          kennysheep_generic_room_13
Lair:1:   layout_cave_pods
Lair:2:   layout_hall_layers, guppyfry_snake_entry_garden,
          infiniplex_staircase_pool

Skill      XL: |  1  2  3  4  5  6  7  8  9 10 11 12 |
---------------+-------------------------------------+-----
Axes           | 4 5 8 9 10 12 14 17 18 | 18.2
Throwing       | 1 3 4 5 |  5.0
Fighting       | 4 6 7 8 9 10 11 | 11.2
Armour         | 3 5 9 10 | 10.0
Dodging        | 3 4 |  4.2

Action                   |  1- 3 |  4- 6 |  7- 9 | 10-12 || total
-------------------------+-------+-------+-------+-------++-------
Melee: Hand axe          |    55 |    74 |   160 |       ||   289
       Headbutt          |     3 |     6 |    29 |    48 ||    86
       Punch             |       |     1 |       |     2 ||     3
       Broad axe         |       |       |    40 |   226 ||   266
       War axe           |       |       |    11 |       ||    11
       Morningstar       |       |       |       |    18 ||    18
Throw: Javelin           |    42 |    48 |    36 |    29 ||   155
Invok: Berserk           |     1 |     3 |    10 |    13 ||    27
       Brothers in Arms  |       |       |       |     3 ||     3
  Use: Scroll            |     7 |     7 |     7 |     7 ||    28
       Potion            |       |       |     1 |     2 ||     3
Armor: Animal skin       |     9 |       |       |       ||     9
       Leather armour    |     2 |     8 |       |       ||    10
       Ring mail         |       |     9 |       |       ||     9
       Scale mail        |       |       |    35 |    41 ||    76
       Chain mail        |       |       |    10 |       ||    10
       Plate armour      |       |       |       |    59 ||    59
Dodge: Dodged            |    31 |    47 |   130 |   165 ||   373

Table legend:
 A = Non-vault XP
 B = Vault XP
 C = Vault XP percentage of total XP
 D = Non-vault monster count
 E = Vault monster count
 F = Vault count percentage of total count
                 A         B        C        D         E       F
            +---------+---------+-------+---------+---------+-------
      Total |   24390 |    2068 |   7.8 |     246 |      33 |  11.8
            +---------+---------+-------+---------+---------+-------
        D:1 |      68 |       0 |   0.0 |      33 |       0 |   0.0
        D:2 |      76 |       0 |   0.0 |      22 |       0 |   0.0
        D:3 |      18 |       0 |   0.0 |       9 |       0 |   0.0
        D:4 |     127 |     440 |  77.6 |      19 |       3 |  13.6
        D:5 |    1520 |     132 |   8.0 |      18 |       5 |  21.7
        D:6 |     848 |       0 |   0.0 |      13 |       0 |   0.0
        D:7 |    1015 |       6 |   0.6 |      23 |       4 |  14.8
        D:8 |    2663 |     338 |  11.3 |      19 |      10 |  34.5
        D:9 |    1855 |     813 |  30.5 |      22 |       9 |  29.0
     Lair:1 |    9160 |       0 |   0.0 |      44 |       0 |   0.0
     Lair:2 |    7040 |     339 |   4.6 |      24 |       2 |   7.7
            +---------+---------+-------+---------+---------+-------
